 Dungeon Crawl Stone Soup version 0.29-a0-878-g7b45a56547 (webtiles) character file.

Game seed: 12498552099246306488

4 zeratav the Stinger (level 1, 0/11 HPs)
             Began as an Octopode Venom Mage on July 19, 2022.
             Slain by a hobgoblin (4 damage)
             ... on level 1 of the Dungeon.
             The game lasted 00:00:10 (74 turns).

zeratav the Stinger (Octopode Venom Mage)             Turns: 74, Time: 00:00:11

Health: 0/11       AC:  1    Str:  7    XL:     1   Next: 60%
Magic:  3/3        EV: 13    Int: 17    God:
Gold:   18         SH:  0    Dex: 12    Spells: 3/4 levels left

rFire   . . .      SeeInvis .   b - +0 short sword {short}
rCold   . . .      Faith    .   (no shield)
rNeg    . . .      Spirit   .   (helmet restricted)
rPois   .          Reflect  .   (no amulet)
rElec   .          Harm     .   (no ring)
rCorr   .          Rampage  .   (no ring)
Will    .....                   (no ring)
Stlth   +++.......              (no ring)
HPRegen 0.03/turn               (no ring)
MPRegen 0.08/turn               (no ring)
                                (no ring)
                                (no ring)

@: no status effects
A: almost no armour, amphibious, 8 rings, camouflage 1, gelatinous body 1,
(nimble swimmer 1), tentacles
a: no special abilities


You were on level 1 of the Dungeon.
You visited 1 branch of the dungeon, and saw 1 of its levels.

You collected 18 gold pieces.


Innate Abilities, Weirdness & Mutations

You cannot wear most types of armour.
You are amphibious.
You can wear up to eight rings at the same time.
Your skin changes colour to match your surroundings (Stealth+).
Your rubbery body absorbs attacks. (AC +1, EV +1)
((You are camouflaged when in or above water. (Stealth+)))
You have tentacles for arms and can constrict up to eight enemies at once.


   Skills:
 - Level 2.0 Dodging
 + Level 3.0 Stealth
 - Level 2.0 Spellcasting
 - Level 1.0 Transmutations
 + Level 3.8 Poison Magic


You had 3 spell levels left.
You knew the following spells:

 Your Spells              Type           Power      Damage    Failure   Level
a - Sting                 Tmut/Pois      36%        1d4       7%          1

Your spell library contained the following spells:

 Spells                   Type           Power      Damage    Failure   Level
 Poisonous Vapours        Pois/Air       16%        N/A       13%         2
 Mephitic Cloud           Conj/Pois/Air  6%         N/A       34%         3
 Olgreb's Toxic Radiance  Pois           14%        N/A       36%         4

Inventory:

Hand Weapons
 b - a +0 short sword (weapon) {short}
   (You found it on level 1 of the Dungeon)
Potions
 a - a potion of magic

Dungeon Overview and Level Annotations

Branches:
Dungeon (1/15) Zot: 5925

Altars:

###8+8#8### ##### .
##.........###..§## ..
##...........##..≈≈#
...#............'#(.§§#
.........<.....8(...≈+
#............##.§§≈#
##...........##.§§≈#
##.........###..§##
####8@8#### ##### ##g##
#...........#
#≈≈≈.....≈§≈#
###≈§≈≈≈≈≈### ####+####


You could see a hobgoblin.


Message History

They say the Orb of Zot lies within this dungeon, but they say a lot of things.
Press ? for a list of commands and other information.
Found 18 gold pieces.
Found a staircase leading out of the dungeon.
You now have 15 gold pieces.
You now have 18 gold pieces (gained 3).
You open the door.
There is an open door here.
You open the door.
A goblin comes into view.
The goblin shouts!
You hear a shout!
The sting misses the goblin.
A goblin comes into view.
MP[-1]
You lost 1 mp, and now have 2/3 mp.
The sting hits the goblin.
The goblin is poisoned.
MP[-1]
You lost 1 mp, and now have 1/3 mp.
The sting misses the goblin.
You feel a bit more experienced. The goblin misses you.
MP[-1]
You lost 1 mp, and now have 0/3 mp.
You are out of magic!
You are out of magic!
You closely miss the goblin. Your grab misses the goblin.
The goblin hits you but does no damage.
You tentacle-slap the goblin. Your grab misses the goblin.
The goblin closely misses you.
You tentacle-slap the goblin. You grab the goblin.
You constrict the goblin, but do no damage.
The goblin closely misses you.
You barely miss the goblin.
You constrict the goblin, but do no damage.
The goblin closely misses you.
You tentacle-slap the goblin but do no damage.
You squeeze the goblin.
You kill the goblin!
No target in view!
No target in view!
No target in view!
No target in view!
No target in view!
No target in view!
No target in view!
No target in view!
No target in view!
No target in view!
No target in view!
No target in view!
There is an open door here.
You see here 4 stones {throwing}.
b - a +0 short sword {short} MP[+3]
Your mp is fully restored (3).
b - a +0 short sword (weapon)
{short}
There is an open door here.
You see here 4 stones {throwing}.
There is an open door here.
You open the large door.
A hobgoblin comes into view.
A hobgoblin comes into view.
The hobgoblin shouts! x2
There is a large open door here.
The hobgoblin hits you. The hobgoblin completely misses you.
There is a large open door, spattered with blood here.
HP[-5]
You take 5 damage, and now have 6/11 hp.
MASSIVE DAMAGE!! (PAUSE)
You hit the hobgoblin. Your grab misses the hobgoblin.
The hobgoblin barely misses you. The hobgoblin hits you.
* * * LOW HITPOINT WARNING * * *
You are too injured to fight recklessly!
HP[-2]
You take 2 damage, and now have 4/11 hp.
You are too injured to fight recklessly!
You are too injured to fight recklessly!
You are too injured to fight recklessly!
You are too injured to fight recklessly!
You are too injured to fight recklessly!
You are too injured to fight recklessly!
You are too injured to fight recklessly!
You are too injured to fight recklessly!
You are too injured to fight recklessly!
You are too injured to fight recklessly!
You are too injured to fight recklessly!
You are too injured to fight recklessly!
You are too injured to fight recklessly!
You are too injured to fight recklessly!
You are too injured to fight recklessly!
You are too injured to fight recklessly!
The hobgoblin attacks as you move away! The hobgoblin barely misses you.
There is a large open door here.
You hit the hobgoblin but do no damage. You grab the hobgoblin.
You squeeze the hobgoblin.
You kill the hobgoblin!
Your Stealth skill increases to level 3!
You barely miss the hobgoblin. You grab the hobgoblin.
You constrict the hobgoblin, but do no damage.
The hobgoblin hits you.
You die...

Skill      XL: |  1 |
---------------+----+-----
Stealth        | 3 |  3.0
Dodging        | |  2.0
Spellcasting   | |  2.0
Transmutations | |  1.0
Poison Magic   | |  3.8

Action                   || total
-------------------------++-------
Melee: Unarmed           ||     5
       Short sword       ||     3
       Constrict         ||     3
       Tentacles         ||     2
 Cast: Sting             ||     3
Armor: Skin              ||     1
Dodge: Dodged            ||     7

Levels and vault maps discovered:
D:1:      dpeg_arrival_morbid_curiosity, layout_basic,
          hellmonk_ecumenical_altar_zigzags, dk_noncrumbling_3,
          lexackson_kobold_supper

Notes
Turn   | Place    | Note
-------+----------+-------------------------------------------
     0 | D:1      | zeratav the Octopode Venom Mage began the quest for the
                  | Orb.
     0 | D:1      | Reached XP level 1. HP: 11/11 MP: 3/3
     0 | D:1      | magus.rc [v1.9.6]
    74 | D:1      | Reached skill level 3 in Stealth
    74 | D:1      | Slain by a hobgoblin

Vanquished Creatures
  2 goblins (D:1)
  A hobgoblin (D:1)
3 creatures vanquished.

Table legend:
 A = Non-vault XP
 B = Vault XP
 C = Vault XP percentage of total XP
 D = Non-vault monster count
 E = Vault monster count
 F = Vault count percentage of total count
                 A         B        C        D         E       F
            +---------+---------+-------+---------+---------+-------
      Total |       0 |       6 | 100.0 |       0 |       3 | 100.0
            +---------+---------+-------+---------+---------+-------
        D:1 |       0 |       6 | 100.0 |       0 |       3 | 100.0
            +---------+---------+-------+---------+---------+-------

Illustrated notes

Table legend:
 A = Kills in this place as a percentage of kills in entire the game.
 B = Kills by you in this place as a percentage of kills by you in the entire game.
 C = Kills by friends in this place as a percentage of kills by friends in the entire game.
 D = Other kills in this place as a percentage of other kills in the entire game.
 E = Experience gained in this place as a percentage of experience gained in the entire game.
 F = Experience gained in this place divided by the number of levels of this place that you have seen.
                   A       B       C       D       E      F
               +-------+-------+-------+-------+-------+----------------------
         Total | 100.0 | 100.0 |   N/A |   N/A | 100.0 |   6.0
       Dungeon | 100.0 | 100.0 |   N/A |   N/A | 100.0 |   6.0
               +-------+-------+-------+-------+-------+----------------------

Table legend: (Time is in decaauts)
 A = Elapsed time spent in this place.
 B = Non-inter-level travel time spent in this place.
 C = Inter-level travel time spent in this place.
 D = Time resting spent in this place.
 E = Time spent auto-exploring this place.
 F = Levels seen in this place.
 G = Mean time per level.
                   A        B        C        D        E       F      G
               +--------+--------+--------+--------+--------+-----+--------+
         Total |     73 |     73 |      0 |      0 |     57 |   1 |   73.0 |
       Dungeon |     73 |     73 |      0 |      0 |     57 |   1 |   73.0 |
               +--------+--------+--------+--------+--------+-----+--------+

Top non-repeatable levels by time:
     D:1: 73 daAuts
